 Dungeon Crawl Stone Soup version 0.18.1-50-g88ac8fd (console) character file.

2313 Kloppie the Spear-Bearer (level 9, -6/75 HPs)
             Began as a Merfolk Berserker on Oct 5, 2016.
             Was an Elder of Trog.
             Killed from afar by an orc sorcerer (32 damage)
             ... with a bolt of fire
             ... on level 7 of the Dungeon.
             The game lasted 00:13:09 (7278 turns).

Kloppie the Spear-Bearer (Merfolk Berserker)        Turns: 7278, Time: 00:13:10

Health: -6/75      AC: -10   Str: 18    XL:     9   Next: 41%
Magic:  9/9        EV: 17    Int:  6    God:    Trog [****..]
Gold:   328        SH:  0    Dex: 16    Spells: 0 memorised, 8 levels left

rFire  . . .     SeeInvis +     a - +0 trident
rCold  . . .     Gourm    .     g - +0 leather armour
rNeg   . . .     Faith    .     (no shield)
rPois  .         Spirit   .     (no helmet)
rElec  .         Dismiss  .     (no cloak)
rCorr  .         Reflect  .     y - +1 pair of gloves
SustAt .         Harm     .     (no boots)
MR     .....                    (no amulet)
Stlth  +.........               A - ring of see invisible
                                (no ring)

@: exhausted, corroded, slowed, drained, very slow, not resistant to hostile
enchantments, very unstealthy
A: change form in water, swift swim
a: Berserk, Trog's Hand, Brothers in Arms, Burn Spellbooks, Renounce Religion


You were on level 7 of the Dungeon.
You worshipped Trog.
Trog was greatly pleased with you.
You were hungry.

You visited 1 branch of the dungeon, and saw 7 of its levels.
You also visited: Sewer.

You collected 388 gold pieces.
You spent 60 gold pieces at shops.

Inventory:

Hand Weapons
 a - a +0 trident (weapon)
 D - a +0 spear
Armour
 g - a +0 leather armour (worn)
 y - a +1 pair of gloves (worn)
Jewellery
 r - an uncursed ring of ice
 A - a ring of see invisible (right hand)
Wands
 n - a wand of digging (24/24)
Scrolls
 i - 4 scrolls of magic mapping
 j - a scroll of fog
 m - 3 scrolls of remove curse
 q - a scroll of teleportation
 s - 2 scrolls of fear
Potions
 d - a potion of agility {unknown}
 h - 2 potions of brilliance
 l - a potion of magic
 o - a potion of flight
 u - 2 potions of haste {unknown}
 v - a potion of might {unknown}
 x - a potion of lignification {unknown}
Comestibles
 c - 7 bread rations
 p - 2 slices of pizza
 w - 4 meat rations
 z - 2 fruits
 C - a beef jerky


   Skills:
 + Level 8.7(7.4) Fighting
 + Level 10.7(9.3) Polearms
 - Level 1.3(0.3) Armour
 + Level 9.6(8.3) Dodging


You had 8 spell levels left.
You didn't know any spells.

Dungeon Overview and Level Annotations

Branches:
Dungeon (7/15)             Temple (0/1) D:4

Altars:
Gozag
Qazlal
Sif Muna
Vehumet
Xom
Yredelemnul
Zin

Shops:
D:4 }   D:6 %%**   D:7 *(


Message History

a leather armour; an orc skeleton Your skin stops crawling.
You feel less resistant to hostile enchantments.
Items here: )) [[ a war axe; a chain mail; a club; a ring mail You closely miss the orc sorcerer.
The orc sorcerer hits you with a dagger.
You hit the orc sorcerer but do no damage.
The orc sorcerer gestures at you while chanting.
The bolt of negative energy hits you!
You feel drained.
* * * LOW HITPOINT WARNING * * *
You hit the orc sorcerer but do no damage.
The orc sorcerer hits you with a dagger.
* * * LOW HITPOINT WARNING * * *
The orc warrior misses you. The orc warrior closely misses you.
You barely miss the orc sorcerer. The orc sorcerer closely misses you.
The orc warrior barely misses you. The orc warrior closely misses you.
The orc sorcerer casts a spell at you. The bolt of fire hits you!
You die...

.....o#oo.o..#.#
....oo#$##[###.#
...ooo#)#..o...#
..oooooo#....o.#
##############(#
.........#.#
.......).o.#
.......))#o###
##########.o@#
#)o.# ##### ≈≈≈≈
≈≈≈≈≈≈≈
......P... ...##
...........
#...##
#.######.<..
.....###.#. ....


You could see an orc sorcerer, 2 orc warriors and an orc.

Vanquished Creatures
  4 orc warriors
  A black bear (D:6)
  3 ogres
  5 centaurs
  2 giant frogs
  A scorpion (D:4)
  4 wights (D:6)
  A crimson imp (D:6)
  A giant frog zombie (D:6)
  A centaur zombie (D:7)
  3 hounds
  3 jellies
  A centaur skeleton (D:5)
  3 orc priests (D:6)
  5 orc wizards (D:6)
  An iguana (D:5)
  3 worker ants
  A gnoll (D:1)
  9 adders
  An adder zombie (D:5)
  4 worms
  A dart slug (D:4)
  6 giant geckos
  19 orcs
  7 giant cockroaches
  13 goblins
  4 hobgoblins
  4 jackals (D:6)
  5 quokkas
  6 ball pythons (Sewer)
  4 bats
  A giant gecko skeleton (D:4)
  9 giant newts
  A jackal skeleton (D:5)
  4 kobolds
  A quokka zombie (D:6)
  4 rats
146 creatures vanquished.

Notes
Turn   | Place    | Note
--------------------------------------------------------------
     0 | D:1      | Kloppie the Merfolk Berserker began the quest for the Orb.
     0 | D:1      | Reached XP level 1. HP: 18/18 MP: 1/1
   193 | D:1      | Reached XP level 2. HP: 24/24 MP: 2/2
   582 | D:2      | Reached XP level 3. HP: 30/30 MP: 3/3
   589 | D:2      | Found a radiant altar of Vehumet.
   704 | D:2      | Reached ** piety under Trog
   704 | D:2      | Reached skill level 5 in Polearms
   949 | D:2      | You fall through a shaft!
  1054 | D:3      | Found an opulent altar of Gozag.
  1189 | D:3      | Found a faded altar to an unknown god.
  1252 | D:3      | Found a shimmering altar of Xom.
  1331 | D:3      | Reached XP level 4. HP: 37/37 MP: 4/4
  1335 | D:3      | Found a glowing drain.
  1353 | Sewer    | Entered a sewer
  2213 | D:4      | Found Carry's Gadget Boutique.
  2223 | D:4      | Reached XP level 5. HP: 29/43 MP: 5/5
  2383 | D:4      | Reached skill level 6 in Polearms
  2659 | D:3      | Reached skill level 5 in Dodging
  2698 | D:4      | Reached skill level 5 in Fighting
  2883 | D:4      | Reached XP level 6. HP: 41/51 MP: 6/6
  3186 | D:4      | Found a staircase to the Ecumenical Temple.
  3230 | D:4      | Reached *** piety under Trog
  3394 | D:5      | Entered Level 5 of the Dungeon
  3496 | D:5      | HP: 2/51 [poisoned by a worker ant]
  3700 | D:5      | Found a stormy altar of Qazlal.
  3761 | D:5      | Reached skill level 7 in Polearms
  3770 | D:5      | Reached XP level 7. HP: 48/57 MP: 7/7
  4036 | D:5      | Found a deep blue altar of Sif Muna.
  4253 | D:6      | Found Naul's General Store.
  4899 | D:6      | Reached skill level 8 in Polearms
  5162 | D:6      | Found Axeilok's Food Boutique.
  5166 | D:6      | Reached XP level 8. HP: 65/65 MP: 8/8
  5648 | D:6      | Reached skill level 9 in Polearms
  5757 | D:6      | Reached **** piety under Trog
  5860 | D:6      | Reached XP level 9. HP: 36/74 MP: 9/9
  6100 | D:6      | Found a glowing silver altar of Zin.
  6257 | D:6      | Reached skill level 10 in Polearms
  6480 | D:6      | Found a basalt altar of Yredelemnul.
  6498 | D:6      | Found Xutuam's Assorted Antiques.
  6505 | D:6      | Bought a scroll labeled QETTIU EJ NOA for 30 gold pieces
  6505 | D:6      | Bought a scroll labeled ZAT YR QIBB for 30 gold pieces
  6562 | D:6      | Found Yschuzolo's Food Boutique.
  6701 | D:7      | Found Naser's General Store.
  6732 | D:7      | Found Jaorumnu's Weapon Shop.
  7235 | D:7      | Noticed an orc sorcerer
  7241 | D:7      | Noticed a rust devil
  7278 | D:7      | Killed from afar by an orc sorcerer

Skill      XL: |  1  2  3  4  5  6  7  8  9 |
---------------+----------------------------+-----
Dodging        | 3 4 5 6 8 9 |  9.6
Polearms       | 5 6 7 8 9 10 | 10.7
Fighting       | 4 5 6 8 |  8.7
Armour         | |  1.3

Action                   |  1- 3 |  4- 6 |  7- 9 || total
-------------------------+-------+-------+-------++-------
Melee: Spear             |   133 |   240 |   199 ||   572
       Tailslap          |       |     5 |       ||     5
       Trident           |       |       |   261 ||   261
Invok: Berserk           |       |     4 |    11 ||    15
       Trog's Hand       |       |     1 |     5 ||     6
  Use: Scroll            |       |       |    19 ||    19
       Potion            |       |       |     2 ||     2
 Stab: Sleeping          |     2 |     3 |     5 ||    10
  Eat: Chunk             |     1 |     7 |    18 ||    26
       Meat ration       |       |     1 |     1 ||     2
Armor: Leather armour    |    14 |    22 |    36 ||    72
       Animal skin       |     2 |       |       ||     2
Dodge: Dodged            |    51 |   129 |   242 ||   422
